AoeStats
← AgusssMetall

Arabia

511452989Analyzed
3v3 RM · 15d ago on Oct 5, 2026· 52m 32s· 6 players
Game mode
Random Map
Map size
Normal (6 player)
Population
200
Speed
Normal
Resources
Standard
Victory
Conquest
Starting age
Dark Age
Ending age
Imperial Age
RankedLock teamsTeams togetherTeam positionsShared explorationLock speedFull tech treeHidden civsTurbo modeCheats
Victory
Defeat
🇦🇷 Khitans · Argentina
1320
+9
🇦🇷 Britons · Argentina
1310
+10
🇦🇷 Japanese · Argentina
1173
+15
vs
🇺🇸 Georgians · United States
1198
-13
🇺🇸 Britons · United States
1145
-11
🇨🇱 Varangians · Chile
1140
-10
Butters
10:48 Feudal Age
11:55 Loom
18:24 Castle Age
16:28 Double-Bit Axe
16:43 Horse Collar
20:46 Stone Mining
20:47 Gold Mining
23:15 Fletching
24:26 Crossbowman
25:29 Padded Archer Armor
27:50 Wheelbarrow
27:23 Bodkin Arrow
29:41 Hand Cart
30:30 Ballistics
30:06 Murder Holes
32:38 Heavy Plow
35:43 Imperial Age
35:18 Light Cavalry
40:13 Chemistry
39:16 Bracer
39:31 Leather Archer Armor
41:56 Conscription
41:31 Arbalester
44:05 Forging
45:14 Yeomen
47:10 Husbandry
kacperowski
8:45 Loom
11:05 Feudal Age
11:55 Double-Bit Axe
16:24 Fletching
16:33 Horse Collar
23:47 Castle Age
25:40 Bow Saw
31:42 Heavy Plow
33:49 Husbandry
34:01 Bloodlines
34:02 Forging
33:52 Scale Mail Armor
34:00 Scale Barding Armor
35:56 Iron Casting
48:24 Imperial Age
46:30 Wheelbarrow
45:41 Town Watch
46:45 Bodkin Arrow
46:50 Padded Archer Armor
47:39 Pikeman
48:19 Squires
48:59 Ballistics
VDJA| Zhev
5:47 Loom
11:09 Feudal Age
11:38 Double-Bit Axe
11:51 Horse Collar
18:51 Castle Age
27:59 Gold Mining
28:22 Bow Saw
32:17 Heavy Plow
37:20 Wheelbarrow
40:34 Bloodlines
42:21 Scale Barding Armor
46:06 Imperial Age
44:35 Hand Cart
45:26 Forging
45:57 Vendel Legacy
46:44 Husbandry
46:17 Cavalier
47:55 Chain Barding Armor
50:44 Iron Casting
AgusssMetall
5:47 Loom
9:09 Feudal Age
19:08 Castle Age
17:04 Double-Bit Axe
18:47 Domestication
23:30 Wheelbarrow
25:34 Hand Cart
25:07 Town Watch
25:45 Bow Saw
26:11 Gold Mining
31:52 Imperial Age
29:47 Forging
29:43 Scale Barding Armor
30:13 Pastoralism
30:41 Stone Mining
31:30 Iron Casting
35:49 Two-Man Saw
35:38 Transhumance
36:00 Conscription
36:34 Chain Barding Armor
37:40 Heavy Camel Rider
37:56 Capped Ram
40:12 Scale Mail Armor
45:43 Plate Barding Armor
45:23 Chain Mail Armor
45:45 Husbandry
46:04 Ordo Cavalry
52:24 Plate Mail Armor
52:04 Siege Engineers
53:41 Stone Shaft Mining
Coneishon
6:29 Loom
9:05 Feudal Age
15:15 Fletching
24:33 Castle Age
23:55 Double-Bit Axe
23:52 Horse Collar
24:03 Gold Mining
24:44 Crossbowman
26:11 Wheelbarrow
27:18 Bow Saw
30:02 Bodkin Arrow
30:08 Padded Archer Armor
30:48 Gold Shaft Mining
31:58 Hand Cart
33:38 Leather Archer Armor
38:59 Imperial Age
36:33 Heated Shot
37:05 Ballistics
36:41 Town Watch
39:10 Arbalester
39:52 Bracer
43:52 Ring Archer Armor
44:53 Stone Mining
46:05 Two-Man Saw
45:06 Heavy Plow
46:30 Chemistry
45:55 Town Patrol
49:53 Cavalier
50:34 Husbandry
50:56 Scale Barding Armor
51:02 Forging
Coniopolis
7:41 Loom
7:53 Loom
10:00 Feudal Age
10:50 Man-at-Arms
11:21 Double-Bit Axe
11:45 Arson
13:35 Horse Collar
21:27 Castle Age
21:44 Scale Mail Armor
21:48 Long Swordsman
22:47 Squires
24:37 Forging
27:35 Bow Saw
27:50 Elite Skirmisher
28:40 Gambesons
29:35 Heavy Plow
31:23 Thumb Ring
34:20 Fletching
34:31 Padded Archer Armor
34:47 Chain Mail Armor
35:20 Stone Mining
35:21 Gold Mining
36:22 Bodkin Arrow
36:44 Leather Archer Armor
40:56 Imperial Age
40:36 Iron Casting
43:04 Conscription
44:13 Ballistics
44:42 Wheelbarrow
46:10 Kataparuto
46:57 Plate Mail Armor
47:13 Town Watch
49:23 Chemistry
48:39 Pikeman
50:59 Gold Shaft Mining
49:47 Halberdier
51:04 Hand Cart
51:40 Ring Archer Armor
Connection lost

Rejoining the realm…

Still unreachable

The connection could not be restored.

Session expired

The server has moved on; the page needs a fresh start.